[Event "Titled Tuesday Blitz May 16 Late 2023"]
[White "Fan_Of_Chucky"]
[Black "Kushko, Dmitriy"]
[BlackFideId "14162261"]
[WhiteElo "2422"]
[BlackElo "2230"]
[Result "1/2-1/2"]
[Round "01"]
[TimeControl "180+2"]
[Date "2023.05.16"]
[WhiteClock "0:00:09"]
[BlackClock "0:00:05"]

1. d4 f5 2. c4 Nf6 3. Nf3 g6 4. g3 Bg7 5. Bg2 O-O 6. O-O d6 7. Nc3 Qe8 8. b3 e5 9. dxe5 dxe5 10. e4 Nc6 11. Nd5 Qd7 12. exf5 e4 13. Ng5 gxf5 14. Be3 Nxd5 15. cxd5 Bxa1 16. Ne6 Bg7 17. Nxf8 Bxf8 18. dxc6 Qxd1 19. Rxd1 bxc6 20. Rd8 Bb7 21. Rxa8 Bxa8 22. Bxa7 c5 23. Bh3 f4 24. gxf4 Kf7 25. a4 Bd6 26. a5 Bd5 27. Bf5 h6 28. a6 Kf6 29. Bd7 Bxb3 30. Bc6 Bc4 31. Bb7 Kf5 32. Bb8 Bxa6 33. Bxa6 Kxf4 34. Ba7 e3 35. Kg2 Ke4 36. fxe3 Kxe3 37. h3 Kf4 38. Kf1 Ke3 39. Ke1 h5 40. Kd1 h4 41. Kc2 Kf4 42. Kb3 Kg3 43. Bc8 Kf4 44. Kc4 Kg5 45. Be6 Kf6 46. Bd5 Kg5 47. Kd3 Kf4 48. Bc4 Kg3 49. Ke4 Kxh3 50. Be6+ Kg2 51. Kd5 h3 52. Bxh3+ Kxh3 53. Bxc5 Bg3 54. Kc6 Kg4 55. Bb4 Kf5 56. Ba5 Ke6 57. Bxc7 1/2-1/2


[Site "https://www.chess.com"]

[Event "Titled Tuesday Blitz May 16 Late 2023"]
[White "Kozionov, Kirill"]
[Black "Senft, Sean"]
[WhiteFideId "24101729"]
[BlackFideId "2044960"]
[WhiteElo "2377"]
[BlackElo "1989"]
[Result "1/2-1/2"]
[Round "01"]
[TimeControl "180+2"]
[Date "2023.05.16"]
[WhiteClock "0:00:03"]
[BlackClock "0:00:36"]

1. b3 d5 2. Bb2 Nf6 3. Nf3 Bf5 4. g3 e6 5. Bg2 Be7 6. O-O O-O 7. d3 h6 8. Nbd2 c5 9. c4 Nc6 10. Ne5 Nxe5 11. Bxe5 Qd7 12. cxd5 exd5 13. Rc1 d4 14. Bxf6 Bxf6 15. Rxc5 Rac8 16. Rd5 Qe6 17. Nc4 Rfe8 18. Nd6 Red8 19. Rxf5 Rxd6 20. Ra5 Bg5 21. b4 Rc1 22. Qb3 Qxe2 23. Rf5 Rf6 24. Rxf6 gxf6 25. Rxc1 Bxc1 26. Qc4 Qe1+ 27. Bf1 Be3 28. fxe3 dxe3 29. Qc2 h5 30. Qe2 Qc1 31. Qxh5 Qc3 32. Qg4+ Kf8 33. Qc4 Qd2 34. Qc5+ Kg7 35. Qf5 Qc1 36. Qg4+ Kf8 37. Qe2 f5 38. Kg2 b6 39. Kf3 a5 40. bxa5 bxa5 41. Bg2 a4 42. Qxe3 Qb2 43. Qe2 a3 44. Kf2 Qd4+ 45. Kf1 Qa1+ 46. Kf2 Qd4+ 47. Kf3 Qd5+ 48. Kf4 Qc5 49. Bf3 Kg7 50. g4 fxg4 51. Kxg4 f6 52. Kg3 Qg5+ 53. Kf2 Qc5+ 54. Kg2 Qg5+ 55. Kf1 Qc1+ 56. Kf2 Qc5+ 57. Qe3 Qc2+ 58. Qe2 Qc5+ 1/2-1/2


[Site "https://www.chess.com"]

[Event "Titled Tuesday Blitz May 16 Late 2023"]
[White "Novikova, Galina"]
[Black "Harshavardhan G B"]
[WhiteFideId "4157095"]
[BlackFideId "25059009"]
[WhiteElo "1953"]
[BlackElo "2323"]
[Result "1-0"]
[Round "01"]
[TimeControl "180+2"]
[Date "2023.05.16"]
[WhiteClock "0:01:08"]
[BlackClock "0:01:02"]

1. e4 c5 2. Nf3 d6 3. d4 cxd4 4. Nxd4 Nf6 5. Nc3 Nc6 6. h3 e5 7. Nde2 Be7 8. g4 h6 9. Bg2 Be6 10. Ng3 a6 11. Be3 Qd7 12. O-O g6 13. Nd5 Bxd5 14. exd5 Nb8 15. c4 h5 16. g5 Nh7 17. h4 O-O 18. Kh2 Qc7 19. Rc1 Nd7 20. b4 a5 21. a3 axb4 22. axb4 b6 23. Be4 Ra2 24. Nxh5 gxh5 25. Qxh5 f5 26. Bxf5 Rxf5 27. Qg6+ Kh8 28. Qxf5 Qd8 29. Ra1 Rxa1 30. Rxa1 Qe8 31. g6 Nhf8 32. h5 Nf6 33. Ra7 Ng8 34. Bg5 Bxg5 35. g7# 1-0


[Site "https://www.chess.com"]

[Event "Titled Tuesday Blitz May 16 Late 2023"]
[White "Klukin, Kirill"]
[Black "Rangel, Daniel"]
[WhiteFideId "24199273"]
[BlackFideId "2124475"]
[WhiteElo "2344"]
[BlackElo "2256"]
[Result "1-0"]
[Round "01"]
[TimeControl "180+2"]
[Date "2023.05.16"]
[WhiteClock "0:00:51"]
[BlackClock "0:00:06"]

1. f4 Nf6 2. Nf3 g6 3. g3 Bg7 4. Bg2 O-O 5. O-O d5 6. d3 b6 7. Nc3 Bb7 8. e4 dxe4 9. Ng5 c5 10. dxe4 Qxd1 11. Rxd1 Nc6 12. e5 Ng4 13. h3 Nh6 14. g4 Rfd8 15. Be3 Na5 16. Nd5 Bf8 17. c3 Kg7 18. Bf2 Ng8 19. b4 cxb4 20. cxb4 Nc6 21. e6 f6 22. Nf7 Rdc8 23. f5 Nh6 24. Nxh6 Kxh6 25. Be3+ Kg7 26. Nf4 Rd8 27. Rd7 Rxd7 28. exd7 Nd8 29. Ne6+ Kg8 30. Bxb7 Nxb7 31. Rc1 gxf5 32. Rc8 1-0


[Site "https://www.chess.com"]

[Event "Titled Tuesday Blitz May 16 Late 2023"]
[White "Geivondian, Arman"]
[Black "Djokic, Mihailo"]
[WhiteFideId "24102032"]
[BlackFideId "976440"]
[WhiteElo "2278"]
[BlackElo "2294"]
[Result "1-0"]
[Round "01"]
[TimeControl "180+2"]
[Date "2023.05.16"]
[WhiteClock "0:02:49"]
[BlackClock "0:00:54"]

1. e4 c5 2. Nf3 d6 3. Bb5+ Bd7 4. Bxd7+ Qxd7 5. c4 Nc6 6. Nc3 g6 7. d4 cxd4 8. Nxd4 Bg7 9. Be3 Nf6 10. f3 O-O 11. O-O Rfd8 12. Rc1 e6 13. Qd2 d5 14. Nxc6 bxc6 15. cxd5 cxd5 16. exd5 Nxd5 17. Nxd5 Qxd5 18. Qxd5 Rxd5 19. b3 a5 20. Rc4 Rd3 21. Kf2 a4 22. b4 Ra3 23. Rc2 Rb8 24. Rb1 h5 25. b5 Be5 26. b6 Rb7 27. Ke2 Bxh2 28. Bc5 1-0


[Site "https://www.chess.com"]

[Event "Titled Tuesday Blitz May 16 Late 2023"]
[White "Tanenbaum, Zachary"]
[Black "Lozano Ramirez, Nestor Favian"]
[WhiteFideId "2060850"]
[BlackFideId "4412672"]
[WhiteElo "2175"]
[BlackElo "2254"]
[Result "1-0"]
[Round "01"]
[TimeControl "180+2"]
[Date "2023.05.16"]
[WhiteClock "0:00:11"]
[BlackClock "0:00:14"]

1. e4 g6 2. d4 Bg7 3. Nc3 d6 4. Be3 a6 5. Qd2 b5 6. h4 Nf6 7. Bd3 Ng4 8. h5 c5 9. dxc5 Nxe3 10. Qxe3 Qa5 11. Ne2 b4 12. Nd5 Bxb2 13. Rb1 b3+ 14. c3 bxa2 15. O-O axb1=Q 16. Rxb1 dxc5 17. Rxb2 Nd7 18. Qh6 e6 19. Ne3 c4 20. Nxc4 Qxh5 21. Qg7 Rf8 22. e5 Ke7 23. f4 Qh4 24. Nd4 Bb7 25. Rxb7 Rac8 26. Nb6 Qe1+ 27. Bf1 Qe3+ 28. Kh1 Qe1 29. Rxd7+ Ke8 30. Qf6 1-0


[Site "https://www.chess.com"]

[Event "Titled Tuesday Blitz May 16 Late 2023"]
[White "reevecanada"]
[Black "Tatarinov, Dmitry"]
[BlackFideId "24160067"]
[WhiteElo "2413"]
[BlackElo "2326"]
[Result "0-1"]
[Round "01"]
[TimeControl "180+2"]
[Date "2023.05.16"]
[WhiteClock "0:00:09"]
[BlackClock "0:00:51"]

1. e4 e5 2. Nf3 Nc6 3. d4 exd4 4. Nxd4 Bc5 5. Nb3 Bb6 6. Nc3 Nf6 7. Qe2 O-O 8. Be3 Bxe3 9. Qxe3 Re8 10. O-O-O d6 11. f3 Be6 12. Qf2 a5 13. g4 a4 14. Nd4 Nxd4 15. Qxd4 Nd7 16. h3 Nc5 17. f4 Bd7 18. a3 Bc6 19. Bg2 Rb8 20. Rhe1 b5 21. Nd5 Bxd5 22. exd5 Qh4 23. Rxe8+ Rxe8 24. Qb4 Qf2 25. Qxb5 Qxf4+ 26. Kb1 Qe5 27. Rf1 g6 28. Qc6 Re7 29. Qb5 Kg7 30. Qb4 Qe2 31. Qc3+ Re5 32. Qf3 Qxf3 33. Bxf3 Re3 34. Kc1 f5 35. gxf5 gxf5 36. Kd2 f4 37. Bh1 Rxh3 38. Bf3 Kf6 39. Kc3 Kg5 40. Rg1+ Rg3 41. Rf1 Ne4+ 42. Kd3 Nf6 43. Kd4 h5 44. b3 axb3 45. cxb3 Ng4 46. a4 Ne5 47. Bd1 Rd3+ 48. Ke4 Re3+ 49. Kd4 h4 50. a5 c5+ 51. dxc6 Nxc6+ 52. Kd5 Nxa5 53. Kxd6 Nxb3 54. Kd5 Nd2 55. Rf2 Ne4 56. Rg2+ Rg3 57. Bf3 h3 58. Rh2 Nf6+ 59. Ke5 Rxf3 60. Rd2 Ng4+ 61. Ke4 Re3+ 62. Kd4 h2 63. Rd1 Nf2 64. Rc1 h1=Q 65. Rc5+ Kg4 66. Rc1 Qe4+ 67. Kc5 Rd3 68. Kb6 Qe3+ 69. Ka6 Qxc1 70. Ka7 Rb3 71. Ka8 Qa3# 0-1


[Site "https://www.chess.com"]

[Event "Titled Tuesday Blitz May 16 Late 2023"]
[White "Csonka, Balazs"]
[Black "Malicka, Maria"]
[WhiteFideId "742910"]
[BlackFideId "1197576"]
[WhiteElo "2404"]
[BlackElo "2227"]
[Result "1-0"]
[Round "01"]
[TimeControl "180+2"]
[Date "2023.05.16"]
[WhiteClock "0:00:14"]
[BlackClock "0:00:56"]

1. e4 c5 2. Nc3 g6 3. d4 Bg7 4. dxc5 Nc6 5. Be3 Qa5 6. Ne2 Nf6 7. f3 O-O 8. a3 a6 9. Qd2 Rd8 10. O-O-O Ne8 11. Nd5 Qxd2+ 12. Rxd2 d6 13. Nec3 Be6 14. Rd1 Rac8 15. Nb6 Rc7 16. Ncd5 Bxd5 17. Nxd5 Rcc8 18. Be2 dxc5 19. Bxc5 Nd6 20. Nxe7+ Nxe7 21. Rxd6 Re8 22. Be3 Nc6 23. Rhd1 b5 24. Kb1 f5 25. Bd3 Be5 26. Rd7 Bxh2 27. Rh1 Ne5 28. Ra7 Nxd3 29. cxd3 Be5 30. Rhxh7 f4 31. Bf2 Red8 32. Rad7 Rxd7 33. Rxd7 Bg7 34. d4 g5 35. Rd6 Kf7 36. Rxa6 Rc4 37. Ra7+ Kg6 38. d5 Rc8 39. Ra6+ Kf7 40. Rc6 Rh8 41. Rc7+ Kf8 42. Bc5+ Kg8 43. Rxg7+ Kxg7 44. Bd4+ Kh7 45. Bxh8 Kxh8 46. Kc2 1-0


[Site "https://www.chess.com"]

[Event "Titled Tuesday Blitz May 16 Late 2023"]
[White "Kielinkei"]
[Black "Kuzmicz, Krystian"]
[BlackFideId "1119125"]
[WhiteElo "2407"]
[BlackElo "2353"]
[Result "1-0"]
[Round "01"]
[TimeControl "180+2"]
[Date "2023.05.16"]
[WhiteClock "0:00:30"]
[BlackClock "0:00:32"]

1. Nf3 g6 2. c4 Bg7 3. d4 c5 4. d5 d6 5. e4 e6 6. Be2 Ne7 7. O-O O-O 8. Nc3 h6 9. h3 Na6 10. Re1 Nc7 11. Be3 exd5 12. exd5 Nf5 13. Bf4 a6 14. Qd2 g5 15. Bh2 Nd4 16. Nxd4 cxd4 17. Ne4 Ne8 18. Qb4 Be5 19. c5 Bxh2+ 20. Kxh2 dxc5 21. Qxc5 f5 22. Nd2 Nf6 23. Bc4 b5 24. Bb3 Bb7 25. d6+ Kg7 26. Re7+ Kg6 27. Rxb7 Rc8 28. Rc7 Rb8 29. Nf3 Ne4 30. Ne5+ Kh5 31. g4+ fxg4 32. hxg4+ Kh4 33. Ng6+ Kxg4 34. Bd1+ Rf3 35. Bxf3+ Kxf3 36. Qf5+ Ke2 37. Qxe4+ Kd2 38. Rc2# 1-0


[Site "https://www.chess.com"]

[Event "Titled Tuesday Blitz May 16 Late 2023"]
[White "Bartel, Mateusz"]
[Black "Mazurkiewicz, Michal"]
[WhiteFideId "1112635"]
[BlackFideId "1124943"]
[WhiteElo "2521"]
[BlackElo "2054"]
[Result "1-0"]
[Round "01"]
[TimeControl "180+2"]
[Date "2023.05.16"]
[WhiteClock "0:01:31"]
[BlackClock "0:00:16"]

1. e4 d6 2. d4 Nf6 3. Nc3 c6 4. g3 e5 5. Nge2 Be7 6. Bg2 O-O 7. a4 Nbd7 8. O-O a5 9. h3 Re8 10. b3 exd4 11. Nxd4 Nc5 12. Bb2 Bf8 13. Re1 g6 14. Qd2 Bg7 15. Rad1 Qb6 16. g4 Qb4 17. g5 Nh5 18. Nde2 Nxa4 19. Nxa4 Qxd2 20. Rxd2 1-0


[Site "https://www.chess.com"]

[Event "Titled Tuesday Blitz May 16 Late 2023"]
[White "Szyszylo, Rafal"]
[Black "Weetik, Vjacheslav"]
[WhiteFideId "1109626"]
[BlackFideId "4153472"]
[WhiteElo "1951"]
[BlackElo "2469"]
[Result "0-1"]
[Round "01"]
[TimeControl "180+2"]
[Date "2023.05.16"]
[WhiteClock "0:01:10"]
[BlackClock "0:02:12"]

1. e4 c5 2. Nf3 Nc6 3. Bb5 g6 4. c3 Nf6 5. e5 Nd5 6. O-O Bg7 7. d4 cxd4 8. cxd4 d6 9. exd6 Qxd6 10. Nc3 O-O 11. Re1 Bg4 12. Be2 Rad8 13. Ne4 Qc7 14. Neg5 h6 15. h3 Bf5 16. g4 Bc8 17. Ne4 Nf4 18. Bxf4 Qxf4 19. Nc3 Nxd4 20. Nxd4 Bxd4 21. Rf1 Qg3+ 0-1


[Site "https://www.chess.com"]

[Event "Titled Tuesday Blitz May 16 Late 2023"]
[White "Bitoon, Richard"]
[Black "Bogaudinov, Rushan"]
[WhiteFideId "5201110"]
[BlackFideId "4129288"]
[WhiteElo "2374"]
[BlackElo "1941"]
[Result "1-0"]
[Round "01"]
[TimeControl "180+2"]
[Date "2023.05.16"]
[WhiteClock "0:00:52"]
[BlackClock "0:00:02"]

1. e4 c5 2. c3 e6 3. d4 d5 4. exd5 Qxd5 5. Nf3 Nf6 6. Na3 a6 7. Nc4 Qd8 8. a4 Be7 9. Be2 O-O 10. dxc5 Qxd1+ 11. Bxd1 Bxc5 12. b4 Be7 13. Nb6 Ra7 14. Be3 Nc6 15. Nxc8 Rxc8 16. Bxa7 Nxa7 17. O-O Rxc3 18. b5 g6 19. bxa6 bxa6 20. Rb1 Nc6 21. Be2 a5 22. Rfc1 Bb4 23. Rxc3 Bxc3 24. Rb7 Bb4 25. Ng5 Ne7 26. Nf3 Ned5 27. Ne5 Ne7 28. Bb5 Nfd5 29. Be8 f6 30. Nd3 Kf8 31. Bd7 Bc3 32. Bxe6 h5 33. Nc5 Bb4 34. Ne4 f5 35. Ng5 Nf4 36. Bc4 Kg7 37. g3 Kf6 38. gxf4 Bd2 39. Rb6+ Kg7 40. Ne6+ Kh6 41. Rb7 Ng8 42. h4 Nf6 43. f3 g5 44. fxg5+ Kg6 45. Nf8# 1-0


[Site "https://www.chess.com"]

[Event "Titled Tuesday Blitz May 16 Late 2023"]
[White "Arnold, Ken"]
[Black "Timmermans, Mark"]
[WhiteFideId "2056836"]
[BlackFideId "1026399"]
[WhiteElo "2402"]
[BlackElo "2460"]
[Result "0-1"]
[Round "01"]
[TimeControl "180+2"]
[Date "2023.05.16"]
[WhiteClock "0:00:00"]
[BlackClock "0:00:44"]

1. d4 Nf6 2. c4 e6 3. Nc3 Bb4 4. Qb3 c5 5. dxc5 Na6 6. a3 Bxc3+ 7. Qxc3 Nxc5 8. Nf3 O-O 9. e3 a5 10. b3 d5 11. Be2 dxc4 12. bxc4 b6 13. O-O Ra7 14. Nd4 Rd7 15. Bf3 Ba6 16. Bb2 Na4 17. Qb3 Nxb2 18. Qxb2 Bxc4 19. Rfc1 Bd5 20. Bxd5 Nxd5 21. Nc6 Qf6 22. Ne5 Rb7 23. Rab1 b5 24. g3 b4 25. axb4 axb4 26. Qd4 Rfb8 27. Rb3 h6 28. Rcb1 Nc3 29. Re1 Rd8 30. Qf4 Qxf4 31. gxf4 g5 32. fxg5 hxg5 33. Ng4 Kg7 34. h3 f5 35. Ne5 Kf6 36. Nf3 e5 37. Kg2 Rg8 38. Nh2 e4 39. Rc1 Rgg7 40. Rc2 Ke5 41. Rcb2 Nd5 42. Nf1 Rbc7 43. Nd2 Rc3 0-1


[Site "https://www.chess.com"]

[Event "Titled Tuesday Blitz May 16 Late 2023"]
[White "Badmatsyrenov, Oleg"]
[Black "BenchGM"]
[WhiteFideId "24115762"]
[WhiteElo "2396"]
[BlackElo "2401"]
[Result "0-1"]
[Round "01"]
[TimeControl "180+2"]
[Date "2023.05.16"]
[WhiteClock "0:00:04"]
[BlackClock "0:00:11"]

1. e4 c5 2. Nf3 Nc6 3. d4 cxd4 4. Nxd4 e5 5. Nb5 d6 6. N1c3 a6 7. Na3 Be7 8. Nc4 b5 9. Ne3 Nf6 10. Bd3 O-O 11. O-O Rb8 12. Ncd5 Be6 13. Nxe7+ Qxe7 14. c3 Rfd8 15. Qf3 d5 16. exd5 Nxd5 17. Nxd5 Bxd5 18. Be4 Bxe4 19. Qxe4 Na5 20. b3 Qe6 21. Ba3 Nc6 22. Rfe1 Rbc8 23. h3 f6 24. Rad1 Rd7 25. Bc5 Rcd8 26. Rxd7 Rxd7 27. Be3 Qd5 28. Qxd5+ Rxd5 29. Rc1 Rd3 30. Kf1 Kf7 31. Ke2 e4 32. c4 b4 33. c5 Ke6 34. f3 f5 35. fxe4 fxe4 36. Rf1 Rc3 37. Kd2 Ne5 38. Rf8 Rd3+ 39. Ke2 Rc3 40. Bd4 Rc2+ 41. Kd1 Rxg2 42. Re8+ Kd5 43. Bxe5 e3 44. Bf4 e2+ 45. Kd2 Rg1 46. Kxe2 Ra1 47. Kd3 Rxa2 48. Rc8 Rb2 49. Bd2 Rxb3+ 50. Kc2 Rxh3 51. Bxb4 Rh6 52. Ba3 Rc6 53. Rd8+ Kc4 54. Rd7 Rg6 55. Rd2 h5 56. Rh2 Rg5 57. Rh4+ Kb5 58. Rb4+ Kc6 59. Rb6+ Kc7 60. Rxa6 h4 61. Ra4 h3 62. Rh4 Rg2+ 63. Kb3 h2 64. Kc4 g5 65. Rh7+ Kc8 66. Bc1 Rg4+ 67. Kd5 Rh4 68. Ra7 h1=Q+ 69. Kd6 Rh6+ 70. Ke5 Qe1+ 71. Be3 Qxe3+ 72. Kf5 Qf4# 0-1


[Site "https://www.chess.com"]

[Event "Titled Tuesday Blitz May 16 Late 2023"]
[White "Gatterer, Florian"]
[Black "Vakhlamov, Igor L."]
[WhiteFideId "811688"]
[BlackFideId "24126748"]
[WhiteElo "2221"]
[BlackElo "2407"]
[Result "0-1"]
[Round "01"]
[TimeControl "180+2"]
[Date "2023.05.16"]
[WhiteClock "0:00:12"]
[BlackClock "0:00:38"]

1. Nf3 Nf6 2. g3 d5 3. Bg2 e6 4. O-O c5 5. d4 Nc6 6. c4 cxd4 7. Nxd4 Bc5 8. Nxc6 bxc6 9. Qc2 Bb6 10. Nc3 O-O 11. e4 Ba6 12. b3 dxc4 13. Rd1 Qc7 14. Bf4 e5 15. Bg5 Ng4 16. bxc4 Nxf2 17. Na4 Nxd1+ 18. c5 Bb5 19. Rxd1 Bxa4 20. Qxa4 Bxc5+ 21. Kh1 Bd4 22. Rf1 Rab8 23. Qd1 c5 24. Bh3 c4 25. Bf6 gxf6 26. Bf5 Be3 27. Rf4 Bxf4 28. gxf4 Rfd8 29. Qh5 Kf8 30. Qxh7 c3 31. Kg2 c2 32. fxe5 Qxe5 33. Qh8+ Ke7 34. Qg7 Rg8 0-1


[Site "https://www.chess.com"]

[Event "Titled Tuesday Blitz May 16 Late 2023"]
[White "Wu, Derek"]
[Black "FlemingA"]
[WhiteFideId "30914558"]
[WhiteElo "2174"]
[BlackElo "2399"]
[Result "1-0"]
[Round "01"]
[TimeControl "180+2"]
[Date "2023.05.16"]
[WhiteClock "0:01:01"]
[BlackClock "0:00:18"]

1. e4 c5 2. Nf3 e6 3. d4 cxd4 4. Nxd4 Nf6 5. Nc3 Nc6 6. Nxc6 bxc6 7. e5 Nd5 8. Ne4 Qc7 9. f4 Rb8 10. c4 Bb4+ 11. Ke2 O-O 12. cxd5 cxd5 13. Ng5 f6 14. exf6 gxf6 15. Nf3 e5 16. fxe5 Bb7 17. Bh6 fxe5 18. Bxf8 Rxf8 19. Qc1 Qb6 20. Qg5+ Kh8 21. Qxe5+ Kg8 22. Kd1 Qf2 23. Qg3+ Qxg3 24. hxg3 1-0


[Site "https://www.chess.com"]

[Event "Titled Tuesday Blitz May 16 Late 2023"]
[White "Kalajzic, Ivan"]
[Black "Goltsev, Dmitry"]
[WhiteFideId "14506378"]
[BlackFideId "24176710"]
[WhiteElo "2203"]
[BlackElo "2356"]
[Result "0-1"]
[Round "01"]
[TimeControl "180+2"]
[Date "2023.05.16"]
[WhiteClock "0:00:18"]
[BlackClock "0:00:43"]

1. d4 Nf6 2. Nc3 e6 3. Bg5 d5 4. e4 dxe4 5. Nxe4 Be7 6. Bxf6 gxf6 7. g3 Qd5 8. Bg2 Kf8 9. Qd2 h5 10. f4 Qb5 11. Nc3 Qxb2 12. Rb1 Qa3 13. Bxb7 Bxb7 14. Rxb7 h4 15. Nge2 hxg3 16. Nxg3 Bb4 17. Nge2 Rh3 18. Rxb4 Qxb4 19. O-O Nc6 20. d5 Rd8 21. Kg2 Rxd5 22. Qe1 Rdh5 23. Rh1 Nd4 24. Nxd4 Qxd4 25. Ne2 Qe4+ 26. Kg1 Re3 0-1


[Site "https://www.chess.com"]

[Event "Titled Tuesday Blitz May 16 Late 2023"]
[White "Bryakin, Mikhail"]
[Black "Lima, Kleyton Alcantara"]
[WhiteFideId "4165314"]
[BlackFideId "22718397"]
[WhiteElo "2467"]
[BlackElo "2009"]
[Result "1-0"]
[Round "01"]
[TimeControl "180+2"]
[Date "2023.05.16"]
[WhiteClock "0:01:04"]
[BlackClock "0:01:07"]

1. e4 c5 2. Nf3 d6 3. Nc3 a6 4. a4 Nf6 5. Bc4 e6 6. O-O Nc6 7. d3 Be7 8. Re1 O-O 9. e5 dxe5 10. Nxe5 Nxe5 11. Rxe5 Bd7 12. a5 Bc6 13. Re1 Nd5 14. Ne4 Nf6 15. Qe2 Nxe4 16. dxe4 Bg5 17. Be3 Bxe3 18. Qxe3 Qd4 19. b3 e5 20. f3 Rad8 21. Kf2 Qxe3+ 22. Kxe3 Rd6 23. Red1 Rfd8 24. Rxd6 Rxd6 25. h4 Kf8 26. c3 Ke7 27. g3 f6 28. f4 h6 29. Rf1 Be8 30. fxe5 fxe5 31. Rf5 Rd1 32. Rxe5+ Kd8 33. Rxc5 Rg1 34. Kf4 Bc6 35. Bd5 Bxd5 36. Rxd5+ Ke7 37. h5 Rc1 38. Rc5 Kd6 39. b4 Rf1+ 40. Kg4 Re1 41. Kf5 Rg1 42. g4 Rf1+ 43. Kg6 Rf4 44. Kxg7 Rxg4+ 45. Kxh6 Rxe4 46. Kg6 Rg4+ 47. Rg5 Rc4 48. h6 Rxc3 49. h7 Rc8 50. Rh5 1-0


[Site "https://www.chess.com"]

[Event "Titled Tuesday Blitz May 16 Late 2023"]
[White "EsmeraldasAnderson03"]
[Black "Sun, Rick"]
[BlackFideId "30909481"]
[WhiteElo "2393"]
[BlackElo "2169"]
[Result "1-0"]
[Round "01"]
[TimeControl "180+2"]
[Date "2023.05.16"]
[WhiteClock "0:00:12"]
[BlackClock "0:00:02"]

1. d4 Nf6 2. Nf3 d6 3. Bf4 g6 4. h3 Bg7 5. e3 O-O 6. Be2 Nc6 7. O-O Nd7 8. Bh2 e5 9. c4 e4 10. Nfd2 f5 11. Nc3 g5 12. a3 Ne7 13. b4 Ng6 14. c5 Nf6 15. Nb5 a6 16. Nxc7 Qxc7 17. Nc4 f4 18. Nxd6 Be6 19. Bh5 Qe7 20. Bxg6 hxg6 21. exf4 g4 22. hxg4 Bxg4 23. Qd2 Rad8 24. Rae1 Bf5 25. f3 Rxd6 26. cxd6 Qxd6 27. g4 Bd7 28. f5 Qd5 29. fxg6 exf3 30. Re5 Qb3 31. Re7 Bxg4 32. Be5 f2+ 33. Qxf2 Bh3 34. Re1 Qd3 35. Qh4 Qxg6+ 36. Bg3 Bf5 37. Kh1 Nh5 38. Rg1 Nxg3+ 39. Rxg3 Qc6+ 40. Kh2 Qc2+ 41. Rg2 Qxg2+ 42. Kxg2 Bg6 43. Qg5 Rf6 44. d5 Rd6 45. Rxg7+ Kxg7 46. Qe7+ Bf7 47. Qxd6 Be8 48. Qe5+ Kf8 49. d6 Bf7 50. Qe7+ Kg7 51. d7 Kg6 52. d8=Q Kf5 53. Qg5+ Ke6 54. Qde7# 1-0


[Site "https://www.chess.com"]

[Event "Titled Tuesday Blitz May 16 Late 2023"]
[White "Nazari, Arad"]
[Black "Arencibia Monduy, Antonio"]
[WhiteFideId "12577324"]
[BlackFideId "3507939"]
[WhiteElo "2175"]
[BlackElo "2392"]
[Result "1-0"]
[Round "01"]
[TimeControl "180+2"]
[Date "2023.05.16"]
[WhiteClock "0:00:06"]
[BlackClock "0:00:00"]

1. e4 c5 2. Nf3 d6 3. Bb5+ Nd7 4. d4 cxd4 5. Qxd4 a6 6. Bxd7+ Bxd7 7. O-O Nf6 8. c4 e6 9. Nc3 Be7 10. b3 O-O 11. a4 Rc8 12. Ba3 Bc6 13. Rfd1 Qc7 14. Rac1 Rfd8 15. h3 Qa5 16. Qe3 Qh5 17. e5 Ne8 18. exd6 Bxd6 19. Bxd6 Nxd6 20. Ne5 Nf5 21. Qf4 g5 22. Qh2 Nd4 23. b4 Ne2+ 24. Nxe2 Rxd1+ 25. Rxd1 Qxe2 26. Rf1 Bxa4 27. Qg3 f6 28. Ng4 Kg7 29. Qd6 Re8 30. b5 Qxc4 31. Qd7+ Kf8 32. Nxf6 Bxb5 33. Nxh7+ Kg8 34. Nf6+ Kf8 35. Qd6+ Re7 36. Rd1 Kf7 37. Ng4 Qf4 38. Ne5+ Kf6 39. Ng4+ Kf7 40. Qd8 Be2 41. Re1 Bxg4 42. hxg4 Qxg4 43. Re3 Qb4 44. Rf3+ Qf4 45. Rxf4+ gxf4 46. Qd6 e5 47. f3 Re6 48. Qd7+ Re7 49. Qd5+ Kf6 50. Kf2 b5 51. Qd6+ Re6 52. Qf8+ Kg6 53. Ke2 Rf6 54. Qg8+ Kh6 55. Kd3 Rg6 56. Qh8+ Kg5 57. Ke4 1-0


[Site "https://www.chess.com"]

[Event "Titled Tuesday Blitz May 16 Late 2023"]
[White "Itkis, Boris"]
[Black "Simonian, Hrair"]
[WhiteFideId "1209167"]
[BlackFideId "13302337"]
[WhiteElo "2216"]
[BlackElo "2447"]
[Result "0-1"]
[Round "01"]
[TimeControl "180+2"]
[Date "2023.05.16"]
[WhiteClock "0:01:13"]
[BlackClock "0:00:45"]

1. c4 e5 2. Nc3 Bb4 3. Qb3 Bxc3 4. Qxc3 d6 5. Nf3 Nc6 6. d4 exd4 7. Nxd4 Nf6 8. g3 O-O 9. Bg2 Bd7 10. O-O Re8 11. Bg5 h6 12. Nxc6 Bxc6 13. Bxc6 bxc6 14. Bxf6 Qxf6 15. Qxf6 gxf6 16. e3 Rab8 17. b3 c5 18. Kg2 Kg7 19. Kf3 f5 20. Rfd1 Kf6 21. Rab1 a5 22. Rd5 a4 23. Ke2 Rb6 24. Kd2 Ra8 25. Kc2 Rb4 26. Rd3 Ke5 27. f3 Rab8 28. Rd5+ Ke6 29. Rd3 h5 30. Rc3 h4 31. g4 fxg4 32. fxg4 a3 33. Rf1 Rg8 34. h3 Rg5 35. e4 Rb8 36. Rcf3 Rf8 37. Kd3 c6 38. Rf6+ Ke7 39. R1f5 Rxf5 40. Rxf5 f6 41. Rh5 Ke6 42. Ke3 Rb8 43. Rh7 d5 44. exd5+ cxd5 45. cxd5+ Kxd5 46. Ra7 Re8+ 47. Kf3 Kd4 48. Rxa3 Re3+ 49. Kf4 Rxh3 50. Ra6 Rh1 51. Rd6+ Kc3 52. Rxf6 Rf1+ 53. Ke5 Rxf6 54. Kxf6 h3 55. g5 h2 56. g6 h1=Q 57. g7 Qd5 58. Ke7 Qg8 0-1


[Site "https://www.chess.com"]

[Event "Titled Tuesday Blitz May 16 Late 2023"]
[White "Khripachenko, Alexander"]
[Black "K2JW"]
[WhiteFideId "54184975"]
[WhiteElo "2387"]
[BlackElo "2387"]
[Result "1-0"]
[Round "01"]
[TimeControl "180+2"]
[Date "2023.05.16"]
[WhiteClock "0:02:46"]
[BlackClock "0:00:52"]

1. e4 c5 2. Nf3 Nc6 3. d4 cxd4 4. Nxd4 Qb6 5. Nb3 Nf6 6. Nc3 e6 7. a3 Be7 8. Bf4 O-O 9. e5 Ne8 10. Bd3 d6 11. exd6 Nxd6 12. Bxd6 Bxd6 13. Bxh7+ Kxh7 14. Qxd6 Rd8 15. Qg3 Nd4 16. O-O-O Nxb3+ 17. cxb3 Bd7 18. Rd6 Qb5 19. Nxb5 1-0


[Site "https://www.chess.com"]

[Event "Titled Tuesday Blitz May 16 Late 2023"]
[White "Gutkin, Ilya"]
[Black "De La Colina, Nicolas"]
[WhiteFideId "16203470"]
[BlackFideId "30946921"]
[WhiteElo "2265"]
[BlackElo "2046"]
[Result "1/2-1/2"]
[Round "01"]
[TimeControl "180+2"]
[Date "2023.05.16"]
[WhiteClock "0:00:10"]
[BlackClock "0:00:14"]

1. Nf3 Nf6 2. g3 b6 3. Bg2 Bb7 4. c4 c5 5. O-O e6 6. b3 Be7 7. Bb2 O-O 8. d4 cxd4 9. Qxd4 d6 10. Nc3 a6 11. Rfd1 Nbd7 12. Ne1 Bxg2 13. Nxg2 Qc7 14. Ne4 Rfd8 15. Ne3 Ne5 16. Rac1 Rac8 17. Ba3 Nc6 18. Qd3 Nxe4 19. Qxe4 Qb7 20. Qf4 h6 21. h4 Qb8 22. Rc2 b5 23. Rcd2 Ne5 24. Ng4 Nxg4 25. Qxg4 bxc4 26. bxc4 Qc7 27. Bb2 Bf8 28. Ba3 Rd7 29. Qf4 Rcd8 30. Kg2 Qc6+ 31. f3 Qa4 32. Rd3 Qc2 33. R1d2 Qa4 34. Bxd6 Bxd6 35. Rxd6 Rxd6 36. Rxd6 Rxd6 37. Qxd6 Qxc4 38. Qd8+ Kh7 39. Qd3+ Qxd3 40. exd3 Kg6 41. Kf2 Kf5 42. Ke3 Ke5 43. d4+ Kd5 44. Kd3 h5 45. a3 a5 46. Kc3 f6 47. Kd3 g5 48. Kc3 gxh4 49. gxh4 f5 50. Kd3 Kd6 51. Kc4 Kc6 52. f4 Kb6 53. d5 exd5+ 54. Kxd5 Kb5 55. Ke5 Ka4 56. Kxf5 Kxa3 57. Kg5 Kb3 58. f5 a4 59. f6 a3 60. f7 a2 61. f8=Q a1=Q 62. Qf7+ Kb4 63. Qf4+ Kc5 64. Qf5+ Kd6 65. Qf6+ Qxf6+ 66. Kxf6 Kd7 67. Kg6 Ke7 68. Kxh5 Kf8 69. Kh6 Kg8 70. Kg6 Kh8 71. h5 Kg8 72. h6 Kh8 73. h7 1/2-1/2


[Site "https://www.chess.com"]